 Dungeon Crawl Stone Soup version 0.18-a0-888-gdb73dea (webtiles) character file.

6771 st0uf the Protected (level 10, -3/93 HPs)
             Began as a Minotaur Berserker on Dec 23, 2015.
             Was a High Priest of Trog.
             Slain by a two-headed ogre
             ... wielding a +0 giant spiked club
              (8 damage)
             ... on level 2 of the Orcish Mines.
             The game lasted 00:51:14 (9839 turns).

st0uf the Protected (Minotaur Berserker)            Turns: 9839, Time: 00:51:15

Health: -3/93      AC: 17    Str: 22    XL:     10   Next: 76%
Magic:  9/9        EV:  8    Int:  6    God:    Trog [*****.]
Gold:   567        SH:  4    Dex: 11    Spells: 0 memorised, 9 levels left

rFire  . . .     SeeInvis .     f - +4 long sword
rCold  . . .     Gourm    .     P - +0 plate armour
rNeg   . . .     Faith    .     D - +0 buckler
rPois  .         Spirit   .     (helmet restricted)
rElec  .         Dismiss  .     F - +0 cloak
rCorr  .         Reflect  .     (no gloves)
SustAt .         Harm     .     (no boots)
MR     +....                    (no amulet)
Stlth  ..........               (no ring)
                                y - ring of protection from magic

@: exhausted, about to teleport, slowed, very slow, somewhat resistant to
hostile enchantments, extremely unstealthy
A: retaliatory headbutt, horns 2
a: Berserk, Trog's Hand, Brothers in Arms, Burn Spellbooks, Renounce Religion


You were on level 2 of the Orcish Mines.
You worshipped Trog.
Trog was extremely pleased with you.
You were very hungry.

You visited 2 branches of the dungeon, and saw 11 of its levels.

You collected 567 gold pieces.

Inventory:

Hand Weapons
 f - a +4 long sword (weapon)
 w - a +0 blowgun
Missiles
 e - 2 throwing nets
 x - 21 poisoned needles
 K - 2 javelins of penetration (quivered)
Armour
 D - a +0 buckler (worn)
 F - a +0 cloak (worn)
 P - a +0 plate armour (worn)
 Q - a +0 shield
Jewellery
 y - a ring of protection from magic (left hand)
Wands
 H - a wand of random effects (14/48)
 I - a wand of frost (36/48)
 N - a wand of polymorph (14/24)
Scrolls
 d - a scroll of fear {unknown}
 i - 2 scrolls of enchant weapon
 j - a scroll of blinking {unknown}
 m - a scroll of teleportation
 n - 2 scrolls of noise
 o - a scroll of magic mapping {unknown}
 u - 2 scrolls of immolation {unknown}
 z - 3 scrolls of amnesia {unknown}
 L - 2 scrolls of remove curse
 M - a scroll of random uselessness {unknown}
 O - a scroll of fog {unknown}
Potions
 b - a potion of magic
 k - a potion of brilliance
 l - a potion of mutation
 r - a potion of haste
 s - 2 potions of flight
 t - a potion of invisibility
 v - 3 potions of curing
 A - a potion of might
 E - a potion of cancellation
 T - a potion of ambrosia {unknown}
Books
 G - a book of Summonings

   Spells                             Type                      Level
   a - Recall                         Summoning/Translocation      3
   b - Aura of Abjuration             Summoning                    5
   c - Shadow Creatures               Summoning                    5
   d - Summon Demon                   Summoning                    5
   e - Summon Forest                  Summoning/Translocation      5
   f - Summon Mana Viper              Hexes/Summoning              5
   Trog disapproves of the use of such an item.
Comestibles
 a - 7 chunks of flesh
 c - 8 bread rations
 q - 4 meat rations
 J - 7 beef jerkies


   Skills:
 + Level 9.9 Fighting
 + Level 11.0 Long Blades
 + Level 12.5 Armour
 - Level 4.0 Dodging
 + Level 4.3 Shields


You had 9 spell levels left.
You didn't know any spells.

Dungeon Overview and Level Annotations

Branches:
Dungeon (9/15)             Temple (0/1) D:4             Orc (2/2) D:9
   Lair: D:8-11         Elf: Orc:2

Altars:
Dithmenos
Fedhas
Gozag
Kikubaaqudgha
Okawaru
Pakellas
Qazlal
Ru
Trog
Vehumet
Xom
Yredelemnul
The Shining One

Shops:
Orc:2 !=:%


Innate Abilities, Weirdness & Mutations

You reflexively headbutt those who attack you in melee.
You have a pair of horns on your head.


Message History

You hear a shout!
The two-headed ogre closely misses you. You furiously retaliate!
You headbutt the two-headed ogre. The two-headed ogre barely misses you.
Found four shops.
An orc, an orc priest and 4 ogres come into view.
Read which item? (? for menu, Esc to quit)
As you read the scroll of teleportation, it crumbles to dust.
You feel strangely unstable.
The orc priest shouts!
The ogre hits you with a giant club.
The two-headed ogre hits you with a giant club! x2
* * * LOW HITPOINT WARNING * * *
The two-headed ogre hits you with a giant spiked club.
* * * LOW HITPOINT WARNING * * *
The two-headed ogre hits you with a giant spiked club.
* * * LOW HITPOINT WARNING * * *
The two-headed ogre hits you with a giant spiked club!
* * * LOW HITPOINT WARNING * * *
The two-headed ogre hits you with a giant spiked club!
You die...

..#........##
.....O∩oO..O....#...##
....∩∩..O......<....##
#.....OOo#...........#
#........#............
#....O..O#.......O#...
#....O...#.......#....
#....OOO.#............
#..O@O.##..........OO
#......##.........OO{
##....###...........O
##..###..........###
.O...............#
.................##
...^..............#
..O.............#.##
.#............####


You could see an ogre mage, 7 two-headed ogres, 8 ogres, an orc priest and an
orc.

Vanquished Creatures
  The ghost of nublet the Skirmisher, a novice DsCK of Xom (D:7)
  A troll (D:9)
  Prince Ribbit (D:5)
  2 two-headed ogres
  2 hungry ghosts (D:7)
  Grum (D:9)
  4 wolves (D:9)
  A hippogriff (D:9)
  A sky beast (D:8)
  2 ice beasts
  7 orc warriors
  A water moccasin (D:8)
  A necrophage (D:8)
  10 ogres
  4 phantoms
  3 centaurs
  4 giant frogs
  10 wights
  A giant frog zombie (D:9)
  3 crimson imps
  4 hounds
  A jelly (D:5)
  8 orc priests
  9 worker ants
  3 iguanas
  11 orc wizards
  A hound zombie (D:7)
  A hound skeleton (D:4)
  A worker ant zombie (D:5)
  10 adders
  2 shadow imps
  An ooze (D:5)
  3 worms (D:2)
  5 adder skeletons
  An adder zombie (D:7)
  36 orcs
  5 giant cockroaches
  6 goblins
  6 hobgoblins
  4 quokkas
  5 bats
  4 giant geckos
  5 giant newts
  7 jackals
  3 jackal zombies
  2 kobolds
  2 rats
206 creatures vanquished.

Notes
Turn   | Place    | Note
--------------------------------------------------------------
     0 | D:1      | st0uf the Minotaur Berserker began the quest for the Orb.
     0 | D:1      | Reached XP level 1. HP: 19/19 MP: 0/0
   197 | D:1      | Reached skill level 4 in Long Blades
   284 | D:1      | Reached XP level 2. HP: 24/27 MP: 1/1
   358 | D:2      | Found a basalt altar of Yredelemnul.
   368 | D:2      | Found a sacrificial altar of Ru.
   863 | D:2      | Found a faded altar to an unknown god.
   909 | D:2      | Found a blossoming altar of Fedhas.
  1012 | D:2      | Reached XP level 3. HP: 28/33 MP: 2/2
  1089 | D:2      | Reached ** piety under Trog
  1338 | D:2      | Reached XP level 4. HP: 32/41 MP: 3/3
  1458 | D:3      | Found a shadowy altar of Dithmenos.
  1905 | D:3      | Reached skill level 5 in Long Blades
  1945 | D:4      | Found a stormy altar of Qazlal.
  1955 | D:4      | Noticed a giant frog
  1968 | D:4      | Killed a giant frog
  1968 | D:4      | Reached XP level 5. HP: 37/47 MP: 4/4
  2066 | D:4      | Found a staircase to the Ecumenical Temple.
  2123 | D:4      | Noticed a phantom
  2140 | D:4      | Reached skill level 5 in Fighting
  2162 | D:4      | Killed a phantom
  2162 | D:4      | Reached XP level 6. HP: 47/56 MP: 5/5
  2606 | D:5      | Entered Level 5 of the Dungeon
  2749 | D:5      | Found a radiant altar of Vehumet.
  2779 | D:5      | Found a bloodstained altar of Trog.
  2900 | D:5      | Reached skill level 6 in Long Blades
  3282 | D:5      | Reached skill level 5 in Armour
  3282 | D:5      | Reached XP level 7. HP: 58/61 MP: 6/6
  3292 | D:5      | Found an oddly glowing altar of Pakellas.
  3342 | D:5      | Found a stormy altar of Qazlal.
  3355 | D:5      | Found an opulent altar of Gozag.
  3625 | D:5      | Noticed Prince Ribbit
  3949 | D:5      | Found an ancient bone altar of Kikubaaqudgha.
  4491 | D:6      | Reached skill level 7 in Long Blades
  4596 | D:7      | Noticed nublet's ghost (novice DsCK)
  4618 | D:7      | Reached *** piety under Trog
  4626 | D:7      | Killed nublet's ghost
  4626 | D:7      | Reached XP level 8. HP: 54/71 MP: 4/7
  4776 | D:7      | Found a shimmering altar of Xom.
  4793 | D:7      | Reached skill level 8 in Armour
  4793 | D:7      | Reached skill level 1 in Shields
  5226 | D:7      | Reached skill level 9 in Armour
  5420 | D:7      | Reached XP level 9. HP: 36/79 MP: 8/8
  6212 | D:7      | Reached skill level 10 in Armour
  6518 | D:7      | Found a stormy altar of Qazlal.
  6830 | D:8      | Received a gift from Trog
  7206 | D:8      | Reached skill level 11 in Armour
  7595 | D:5      | Killed Prince Ribbit
  8244 | D:8      | Reached XP level 10. HP: 81/90 MP: 9/9
  8248 | D:8      | Reached **** piety under Trog
  8505 | D:9      | Noticed Grum
  8518 | D:9      | Reached skill level 10 in Long Blades
  8621 | D:9      | Killed Grum
  8827 | D:9      | Found a glowing golden altar of the Shining One.
  8874 | D:9      | Reached skill level 12 in Armour
  9073 | D:9      | Found an iron altar of Okawaru.
  9296 | D:9      | Found a staircase to the Orcish Mines.
  9330 | D:9      | Reached ***** piety under Trog
  9412 | Orc:1    | Entered Level 1 of the Orcish Mines
  9763 | Orc:2    | Entered Level 2 of the Orcish Mines
  9820 | Orc:2    | Noticed an ogre mage
  9838 | Orc:2    | Found Oleaq's Food Boutique.
  9838 | Orc:2    | Found Leor's Jewellery Shoppe.
  9838 | Orc:2    | Found Xeijeis's Book Shoppe.
  9838 | Orc:2    | Found Sosmul's Distillery.
  9839 | Orc:2    | Noticed an ogre mage
  9839 | Orc:2    | Slain by a two-headed ogre

Vault maps used:
D:1:      minmay_arrival_doors
D:2:      nicolae_overflow_crystal_walls, fedhas_altar_1,
          yredelemnul_altar_generic, ecumenical_altar_2, serial_forest,
          infiniplex_forest_end_2, infiniplex_forest_end_3,
          infiniplex_forest_clump_curved, infiniplex_forest_clump_long,
          infiniplex_forest_lined_ring
D:3:      grunt_dithmenos_smoke_and_mirrors
D:4:      minmay_temple_entry_enclosed_plants, kennysheep_flooded_box
D:5:      vehumet_crystals, minitemple, overflow_temple_1_default,
          lemuel_round_altar, first_bread, uniq_prince_ribbit1
D:7:      xom_butterflies, grunt_ogre_cave, nicolae_qazlal_eye_of_the_storm
D:9:      nicolae_tso_swordbearing_angel, lemuel_doored_altar, uniq_grum
Orc:1:    lemuel_ogre_cave, basic_altar
Orc:2:    st_orc_ogre_mass

Action                   |  1- 3 |  4- 6 |  7- 9 | 10-12 || total
-------------------------+-------+-------+-------+-------++-------
Melee: Falchion          |    65 |   145 |   460 |   173 ||   843
       Long sword        |       |       |       |    51 ||    51
Invok: Berserk           |       |       |     9 |     2 ||    11
       Burn Spellbooks   |       |       |     1 |       ||     1
  Use: Potion            |       |       |     2 |     1 ||     3
       Scroll            |       |       |       |    15 ||    15
  Eat: Chunk             |     1 |     6 |    23 |     6 ||    36
       Fruit             |       |       |     2 |       ||     2
       Pizza             |       |       |     2 |       ||     2
       Meat ration       |       |       |     1 |       ||     1
